 Dungeon Crawl Stone Soup version 0.18.1-48-g4cf74bf (webtiles) character file.

205 tyranidshit the Grave Robber (level 5, -5/49 HPs)
             Began as a Deep Dwarf Necromancer on July 11, 2016.
             Was a Believer of Makhleb.
             Slain by Crazy Yiuf
             ... wielding a +4 quarterstaff of chaos
              (16 damage)
             ... on level 3 of the Dungeon.
             The game lasted 00:13:40 (2150 turns).

tyranidshit the Grave Robber (DDNe)                 Turns: 2150, Time: 00:14:00

Health: -5/49      AC:  2    Str: 12    XL:     5   Next: 52%
Magic:  7/10       EV: 12    Int: 16    God:    Makhleb [**....]
Gold:   67         SH:  0    Dex: 13    Spells: 2 memorised, 7 levels left

rFire  . . .     SeeInvis .     k - +0 war axe
rCold  . . .     Gourm    .     a - +0 robe
rNeg   . . .     Faith    .     (no shield)
rPois  +         Spirit   .     (no helmet)
rElec  .         Dismiss  .     (no cloak)
rCorr  .         Reflect  .     (no gloves)
SustAt .         Harm     .     (no boots)
MR     .....                    (no amulet)
Stlth  ++........               (no ring)
                                d - ring of poison resistance

@: very slightly contaminated, non-regenerating, not resistant to hostile
enchantments, unstealthy
A: damage resistance, recharge devices, sense surroundings 1, slow regeneration
3
a: Device Recharging, Minor Destruction, Renounce Religion


You were on level 3 of the Dungeon.
You worshipped Makhleb.
Makhleb was pleased with you.
You were not hungry.

You visited 1 branch of the dungeon, and saw 3 of its levels.

You collected 67 gold pieces.

Inventory:

Hand Weapons
 k - a +0 war axe (weapon)
Armour
 a - a +0 robe (worn)
Jewellery
 d - a ring of poison resistance (left hand)
Wands
 c - a wand of heal wounds (8/9)
Scrolls
 e - a scroll of teleportation {unknown}
 i - 4 scrolls of enchant weapon {unknown}
 m - a scroll of identify
Potions
 g - a potion of mutation
 o - 2 potions of brilliance {unknown}
Books
 b - a book of Necromancy

   Spells                             Type                      Level
   a - Pain                           Necromancy                   1
   b - Animate Skeleton               Necromancy                   1
   c - Vampiric Draining              Necromancy                   3
   d - Regeneration                   Charms/Necromancy            3
   e - Animate Dead                   Necromancy                   4
   f - Control Undead                 Necromancy                   4
Comestibles
 f - 2 meat rations
 l - 2 bread rations
 n - a beef jerky


   Skills:
 + Level 3.1 Fighting
 - Level 2.1 Dodging
 - Level 2.4 Stealth
 + Level 3.8 Spellcasting
 - Level 4.3 Necromancy


You had 7 spell levels left.
You knew the following spells:

 Your Spells              Type           Power        Failure   Level  Hunger
a - Pain                  Necr           ###.         3%          1    None
b - Vampiric Draining     Necr           ###.......   12%         3    ###....


Dungeon Overview and Level Annotations

Branches:
Dungeon (3/15)

Altars:
Fedhas
Kikubaaqudgha
Makhleb

Annotations:
D:3 Crazy Yiuf


Innate Abilities, Weirdness & Mutations

You are resistant to damage.
You can recharge devices by infusing magical energy.
You passively map a small area around you.
You do not regenerate naturally.


Message History

You see here 2 tomahawks.
Items here: )))) [ a +0 spear; a whip; a +0 club; a flail; a leather armour You open the door.
Crazy Yiuf the Enlightened comes into view.
He is wielding a quarterstaff of chaos.
Crazy Yiuf shouts!
Found a mace.
There is an open door here.
Casting: Vampiric Draining
Confirm with . or Enter, or press ? or * to list all spells.
Aiming: Vampiric Draining
Press: ? - help, Shift-Dir - straight line, f - Crazy Yiuf
Aim: Crazy Yiuf, wielding a quarterstaff of chaos and wearing a cloak You miscast Vampiric Draining.
You are very lightly contaminated with residual magic.
You hear strange and distant voices.
Crazy Yiuf hits you with a quarterstaff of chaos!
* * * LOW HITPOINT WARNING * * *
You are electrocuted!
You die...

.#.#(..........<##..##
#.###....
.....#.###.##..###..#
#.###....
.#...#.#(..##### ####
#........ .#...#.#.#.#
#..##.#.. .#...#.....#
##### #..##.#..
...........# #..)#
####..##.#..
.#.#.#...### #...#
#.....##....
.........### #.g.#
####..##.#..
...........# *#@#
#.....##....
...........# ##.#
#........#..
##.#.##'#### #.##
####.##..#.#
#.#.......# ##.#
#.##..#.# ##.#.......#
#.## ###........
...........# ##.##
##...†......
##(........# #...##
#..#........
##.####.#### #....#
##.#........
........(..# #....#
#..).....#..


You could see Crazy Yiuf.

Vanquished Creatures
  An orc priest (D:3)
  4 adders
  3 gnolls
  An ooze (D:1)
  2 worms (D:2)
  2 dart slugs
  A giant gecko (D:2)
  3 orcs (D:3)
  A giant cockroach (D:1)
  9 goblins
  10 hobgoblins
  18 jackals
  7 kobolds
  A quokka (D:2)
  13 bats
  2 giant newts
  10 rats
88 creatures vanquished.

Notes
Turn   | Place    | Note
--------------------------------------------------------------
     0 | D:1      | tyranidshit the Deep Dwarf Necromancer began the quest for the Orb.
     0 | D:1      | Reached XP level 1. HP: 15/15 MP: 3/3
   201 | D:1      | Reached XP level 2. HP: 24/24 MP: 0/5
   362 | D:1      | Reached skill level 1 in Fighting
   569 | D:1      | Reached XP level 3. HP: 9/31 MP: 0/6
   627 | D:1      | Learned a level 3 spell: Vampiric Draining
   882 | D:2      | Found a burning altar of Makhleb.
   899 | D:2      | Became a worshipper of Makhleb the Destroyer
  1054 | D:2      | Reached XP level 4. HP: 17/39 MP: 0/8
  1244 | D:2      | Reached * piety under Makhleb
  1367 | D:2      | Found an ancient bone altar of Kikubaaqudgha.
  1368 | D:2      | Found a blossoming altar of Fedhas.
  1530 | D:3      | Reached XP level 5. HP: 15/46 MP: 0/10
  1840 | D:3      | Reached ** piety under Makhleb
  2148 | D:3      | Noticed Crazy Yiuf
  2150 | D:3      | Slain by Crazy Yiuf

Skill      XL: |  1  2  3  4  5 |
---------------+----------------+-----
Spellcasting   | 2 3 |  3.8
Fighting       | 1 2 3 |  3.1
Dodging        | |  2.1
Stealth        | |  2.4
Necromancy     | |  4.3

Action                   |  1- 3 |  4- 6 || total
-------------------------+-------+-------++-------
Melee: Club              |    28 |       ||    28
       Unarmed           |     3 |       ||     3
       Spear             |    28 |    64 ||    92
       War axe           |       |    53 ||    53
 Cast: Pain              |    55 |    30 ||    85
       Vampiric Draining |     4 |    17 ||    21
Evoke: Wand              |     2 |     1 ||     3
  Use: Scroll            |       |     2 ||     2
 Stab: Sleeping          |     1 |     1 ||     2
  Eat: Bread ration      |     1 |       ||     1
       Meat ration       |       |     1 ||     1
Armor: Robe              |    16 |    25 ||    41
Dodge: Dodged            |    76 |   159 ||   235
